Cogmind - Beta 11.1 @@@ ROGUE MODE // 2022.11.01 @ 06:34:56 Player: Geraldon Result: Destroyed by Y-72 Warden with Quantum Rifle Performance ------------- Evolutions (7) 3500 Regions Visited (26) 5200 Robots Destroyed (127) 635 Value Destroyed (3916) 3916 Prototype IDs (60) 1200 Alien Tech Used (4) 800 Bonus (6004) 6004 TOTAL SCORE: 21255 Bonus ------- Triggered Max Security 1000 High Alert Combat Kills 35 Follower Combat Kills 269 Aligned with FarCom 300 Met Data Miner 300 Met Imprinter 300 Met Zhirov 300 Met Warlord at Base 500 MAIN.C Attacked Warlord 500 Scanned by Researcher 500 Met Sigix 2000 Cogmind --------- Core Integrity 0/1300 Matter 300/300 Energy 100/100 System Corruption 21% Temperature Cool (9) Movement Core (50) Location -3/Quarantine Parts ------- > --- POWER (2) -------- (None) > --- PROPULSION (5) --- (None) > --- UTILITY (11) ----- Advanced Gravity Neutralizer Hacking Suite Improved Hacking Suite Improved Hacking Suite Advanced System Shield Advanced System Shield > --- WEAPON (3) ------- (None) > --- INVENTORY (5) ---- Hacking Suite Trap Reconfigurator Subatomic Replicator Sigix Broadsword Peak State ------------ > --- POWER ------------ Matter Drive > --- PROPULSION ------- Cooled Cesium-ion Thruster Field Propulsion Array Improved Diametric Drive > --- UTILITY ---------- Advanced Energy Well Advanced Gravity Neutralizer Experimental Armor Integrity Analyzer Experimental Phase Shifter Improved Hacking Suite Improved Hacking Suite Improved Hacking Suite Advanced System Shield Advanced System Shield Advanced System Shield Ghost Barrier > --- WEAPON ----------- Gravity Flail Vortex Lance > --- INVENTORY -------- Experimental Utility Shielding Hacking Suite Trap Reconfigurator Subatomic Replicator [Rating: 155] Favorites ----------- Power Ion Engine Engine Ion Engine Power Core Micro Fission Core Reactor Fusion Reactor Propulsion Light Treads Treads Light Treads Hover Unit Aerolev Unit Flight Unit Cooled Cesium-ion Thruster Utility Improved Hacking Suite Device Heat Sink Storage Small Storage Unit Processor Advanced Targeting Computer Hackware Improved Hacking Suite Protection Improved Light Armor Plating Weapon Small Laser Energy Gun Small Laser Energy Cannon Heavy Particle Cannon Ballistic Gun Improved Assault Rifle Ballistic Cannon Light Cannon Launcher Missile Launcher Special Weapon RU-N14's Throwing Claymores Impact Weapon Gravity Flail Slashing Weapon Makeshift Sword Piercing Weapon Vortex Lance Special Melee Weapon Improved Datajack Build | -11 -10 -10 -10 -9 -8 -7 -7 -7 -6 -6 -6 -6 -6 -5 -5 -5 -5 -5 -4 -4 -4 -4 -4 -3 -3 -3 ------- Run | Scr Mat Min Exi Min Mat Fac Low Dat Pro Fac Low Low Zio Pro Fac Upp Upp War Pro Fac Upp Upp Zhi Pro Res Qua Slots Evolved 14 | . . . . . 4 2 . . . 2 . . . . 2 . . . . 2 . . . . 2 . Power 1 | . . . . . . . . . . . . . . . 1 . . . . . . . . . . . Propulsion 3 | . . . . . 2 1 . . . . . . . . . . . . . . . . . . . . Utility 9 | . . . . . 2 1 . . . 2 . . . . 1 . . . . 2 . . . . 1 . Weapon 1 | . . . . . . . . . . . . . . . . . . . . . . . . . 1 . Parts Attached 182 | 7 1 4 5 . 53 15 2 . 4 4 3 . 10 2 15 5 4 9 2 11 1 4 6 1 5 9 Power 22 | 1 . . . . 7 . 1 . 1 . . . 1 1 3 . 1 . 1 2 . . 1 . . 2 Engine 8 | 1 . . . . 5 . . . 1 . . . 1 . . . . . . . . . . . . . Core 11 | . . . . . 2 . 1 . . . . . . 1 3 . 1 . 1 2 . . . . . . Reactor 3 | . . . . . . . . . . . . . . . . . . . . . . . 1 . . 2 Propulsion 41 | 2 . 1 . . 13 7 . . 2 1 . . 2 . 4 . . 2 . 4 . . . . . 3 Treads 16 | 2 . 1 . . 12 . . . . . . . . . . . . . . 1 . . . . . . Leg . | . . . . . . . . . . . . . . . . . . . . . . . . . . . Wheel . | . . . . . . . . . . . . . . . . . . . . . . . . . . . Hover 10 | . . . . . 1 5 . . 2 1 . . . . . . . . . . . . . . . 1 Flight 15 | . . . . . . 2 . . . . . . 2 . 4 . . 2 . 3 . . . . . 2 Utility 71 | 2 1 2 2 . 17 7 . . . 3 1 . 3 . 8 1 2 5 1 3 . 2 5 . 3 3 Device 29 | . 1 2 2 . 11 2 . . . . 1 . 2 . . . . 4 . 1 . . 2 . . 1 Storage 7 | 2 . . . . 1 1 . . . . . . . . . . . . . . . . . . 3 . Processor 5 | . . . . . 1 1 . . . . . . . . . . 2 . 1 . . . . . . . Hackware 20 | . . . . . . 2 . . . 2 . . 1 . 8 1 . 1 . 2 . 1 1 . . 1 Protection 10 | . . . . . 4 1 . . . 1 . . . . . . . . . . . 1 2 . . 1 Artifact . | . . . . . . . . . . . . . . . . . . . . . . . . . . . Weapon 48 | 2 . 1 3 . 16 1 1 . 1 . 2 . 4 1 . 4 1 2 . 2 1 2 . 1 2 1 Energy Gun 11 | 2 . 1 2 . 6 . . . . . . . . . . . . . . . . . . . . . Energy Cannon 4 | . . . 1 . 2 . . . . . . . . . . . . . . . . . . 1 . . Ballistic Gun 5 | . . . . . 4 . . . . . . . . . . . . . . . . . . . 1 . Ballistic Cannon 1 | . . . . . 1 . . . . . . . . . . . . . . . . . . . . . Launcher 9 | . . . . . 3 . 1 . 1 . . . 1 . . 2 . 1 . . . . . . . . Special Weapon 7 | . . . . . . . . . . . . . 2 1 . 2 . . . 1 . 1 . . . . Impact Weapon 1 | . . . . . . . . . . . . . . . . . . . . . . . . . . 1 Slashing Weapon 4 | . . . . . . . . . . . 2 . 1 . . . . . . . . . . . 1 . Piercing Weapon 4 | . . . . . . . . . . . . . . . . . . 1 . 1 1 1 . . . . Special Melee Weapon 2 | . . . . . . 1 . . . . . . . . . . 1 . . . . . . . . . Unidentified Prototypes 30 | . . 1 2 . 6 . . . . . . . 2 . . . . 6 1 2 . . 3 . 2 5 Corrupted Parts 4 | . . . . . 4 . . . . . . . . . . . . . . . . . . . . . System Corruption 6 | . . . . . 6 . . . . . . . . . . . . . . . . . . . . . Parts Lost 68 | . . 1 . . 29 . . . . 4 2 2 . 1 2 3 2 . 3 1 2 3 . . . 13 Power 8 | . . . . . 4 . . . . 1 . . . . . . . . 1 . . 1 . . . 1 Propulsion 24 | . . . . . 10 . . . . 1 . 2 . 1 2 1 . . 2 . 1 . . . . 4 Utility 19 | . . . . . 5 . . . . . 2 . . . . 2 1 . . . 1 1 . . . 7 Weapon 17 | . . 1 . . 10 . . . . 2 . . . . . . 1 . . 1 . 1 . . . 1 Highest Loss Streak 9 | . . 1 . . 6 . . . . 4 2 2 . 1 2 2 2 . 3 1 2 5 . . . 9 To Critical Strikes 1 | . . . . . 1 . . . . . . . . . . . . . . . . . . . . . Average Slot Usage (%) 86 | . 98 100 97 100 84 78 92 92 97 95 81 77 80 90 82 71 67 89 87 80 90 73 81 85 84 72 Engine 5 | . 14 14 14 14 4 . . . 6 4 . . 5 1 . . . . . . . . . . . . Core 2 | . . . . . 2 . 4 7 . . . . . 4 4 5 10 11 8 9 10 5 5 5 4 . Treads 13 | . 28 28 28 28 28 1 . . . . . . . . . . . . . . . . . . . . Hover 6 | . . . . . . 32 23 23 36 32 33 30 20 17 8 . . . . . . . . . . . Flight 5 | . . . . . . 1 15 15 1 . . . . 13 15 13 11 20 19 15 20 15 15 15 14 10 Device 7 | . 12 14 13 14 11 6 7 7 7 6 . . 3 . . . . 2 . 1 5 5 5 5 4 4 Storage 7 | . 14 14 14 14 9 7 7 7 7 6 6 6 6 6 4 . . . . . . . . . 3 4 Processor 3 | . . . . . 6 7 7 7 7 3 . . . . . . 8 3 4 5 5 5 5 5 4 4 Hackware 16 | . . . . . . 12 15 15 15 23 26 26 31 33 41 43 35 39 41 37 41 34 36 36 33 32 Protection 1 | . . . . . 6 . . . . 6 . . . . . . . . . . . 2 5 5 4 2 Energy Gun 8 | . 28 28 26 28 6 . . . . . . . . . . . . . . . . . . . . . Ballistic Gun 1 | . . . . . 4 . . . . . . . . . . . . . . . . . . . . . Slashing Weapon 1 | . . . . . . . . . . . 12 13 . 6 5 5 . . . . . . . . . . Special Melee Weapon 1 | . . . . . . 6 7 7 7 5 . . . . . . . 5 5 5 5 . . . . . Naked Turns . | . . . . . . . . . . . . . . . . . . . . . . . . . . . Heaviest Build 69 | 18 14 14 14 14 69 40 13 12 22 25 13 9 31 24 22 15 11 27 17 21 17 16 28 39 42 42 Greatest Support 82 | 40 40 40 40 40 82 40 16 16 40 40 16 16 24 24 16 16 12 26 20 51 51 44 44 44 44 44 Greatest Overweight (x) 2 | . . . . . 2 . 1 . . . . . 1 1 1 1 . 1 . . . . . . . 1 Average Overweight (x) . | . . . . . . . . . . . . . . . . . . . . . . . . . . . Largest Inventory Capacity 20 | 8 8 8 8 8 20 20 8 8 8 8 8 8 8 8 8 5 5 5 5 5 5 5 5 5 5 5 Average Capacity 9 | 6 8 8 8 8 18 9 8 8 8 8 8 8 8 8 7 5 5 5 5 5 5 5 5 5 5 5 Most Carried 20 | 5 4 5 8 6 20 19 7 7 8 8 8 8 8 8 8 5 5 5 5 5 5 5 5 5 5 5 Average Carried 7 | . 2 3 4 5 15 8 6 7 7 6 8 8 7 7 7 3 5 4 4 4 4 3 4 5 5 4 Final Capacity 20 | 8 8 8 8 8 20 8 8 8 8 8 8 8 8 8 5 5 5 5 5 5 5 5 5 5 5 5 Final Carried 19 | 1 4 4 5 6 19 7 7 7 8 8 8 8 6 7 5 5 5 5 5 5 4 5 5 5 5 5 Class Distribution -------------------- 39% | Mutant 20% | Hacker-Mutant 18% | Wizard-Sprinter 11% | Scavenger-Mutant 9% | Wizard-Mutant Dominant Class ---------------- Mutant | -10/Materials Mutant | -10/Mines Mutant | -10/Exiles Mutant | -9/Mines Mutant | -8/Materials Hacker-Mutant | -7/Factory Hacker-Mutant | -7/Lower Caves Hacker-Mutant | -7/Data Miner Hacker-Mutant | -6/Proximity Caves Hacker-Mutant | -6/Factory Hacker-Mutant | -6/Lower Caves Hacker-Mutant | -6/Lower Caves Hacker-Mutant | -6/Zion Hacker-Mutant | -5/Proximity Caves Wizard-Sprinter | -5/Factory Wizard-Mutant | -5/Upper Caves Wizard-Mutant | -5/Upper Caves Wizard-Mutant | -5/Warlord Wizard-Sprinter | -4/Proximity Caves Wizard-Sprinter | -4/Factory Wizard-Sprinter | -4/Upper Caves Wizard-Sprinter | -4/Upper Caves Wizard-Sprinter | -4/Zhirov Wizard-Sprinter | -3/Proximity Caves Wizard-Sprinter | -3/Research Wizard-Sprinter | -3/Quarantine Resources | -11 -10 -10 -10 -9 -8 -7 -7 -7 -6 -6 -6 -6 -6 -5 -5 -5 -5 -5 -4 -4 -4 -4 -4 -3 -3 -3 ----------- Run | Scr Mat Min Exi Min Mat Fac Low Dat Pro Fac Low Low Zio Pro Fac Upp Upp War Pro Fac Upp Upp Zhi Pro Res Qua Matter Collected 2780 | 270 10 40 . 45 1152 . 27 . 244 20 58 7 80 40 140 159 35 69 49 . 89 35 . 43 . 168 Remotely 593 | . . . . . 593 . . . . . . . . . . . . . . . . . . . . . Salvage Created 4042 | 100 303 70 . 58 2093 . 28 . 44 33 137 . . 321 375 315 . . . 47 73 45 . . . . Parts 221 | 5 16 8 . 8 123 . 5 . 3 3 6 . . 13 12 5 . . . 5 . 9 . . . . Haulers Intercepted 10 | . . . . . 6 . . . . . . . . . 4 . . . . . . . . . . . Recyclers Shooed 2 | . . . . . 2 . . . . . . . . . . . . . . . . . . . . . Parts Field Recycled . | . . . . . . . . . . . . . . . . . . . . . . . . . . . Retrieved Matter . | . . . . . . . . . . . . . . . . . . . . . . . . . . . Parts Self-Destructed 51 | . . . . . . . 4 . 13 . 3 . . 8 . 3 8 . . . 4 8 . . . . Prevented 7 | . . . . . . . . . . . . 2 . . . 4 . . . . 1 . . . . . Kills | -11 -10 -10 -10 -9 -8 -7 -7 -7 -6 -6 -6 -6 -6 -5 -5 -5 -5 -5 -4 -4 -4 -4 -4 -3 -3 -3 ------- Run | Scr Mat Min Exi Min Mat Fac Low Dat Pro Fac Low Low Zio Pro Fac Upp Upp War Pro Fac Upp Upp Zhi Pro Res Qua Combat Hostiles Destroyed 97 | . 7 5 . 4 39 . 3 . 3 4 2 . . 10 . 10 . . . 5 1 4 . . . . Melee 4 | . . . . . 1 . . . . . 2 . . . . . . . . . 1 . . . . . Guns 34 | . 6 5 . 4 19 . . . . . . . . . . . . . . . . . . . . . Cannons 10 | . . . . . 7 . . . . . . . . . . 1 . . . 2 . . . . . . AOE 48 | . . . . . 12 . 3 . 3 4 . . . 10 . 9 . . . 3 . 4 . . . . Classes Destroyed 17 | 2 5 . . . 5 . . . . . 2 . . 2 . 1 . . . . . . . . . . Worker 6 | . 1 . . . 5 . . . . . . . . . . . . . . . . . . . . . Builder 6 | . . . . . 6 . . . . . . . . . . . . . . . . . . . . . Tunneler 1 | 1 . . . . . . . . . . . . . . . . . . . . . . . . . . Hauler 10 | . . . . . 6 . . . . . . . . . 4 . . . . . . . . . . . Recycler 2 | 1 . . . . 1 . . . . . . . . . . . . . . . . . . . . . Minesweeper 4 | . . . . . . . . . . . . . . 1 . 2 . . . . . 1 . . . . Operator 2 | . 1 . . . 1 . . . . . . . . . . . . . . . . . . . . . Watcher 1 | . 1 . . . . . . . . . . . . . . . . . . . . . . . . . Swarmer 37 | . 2 5 . 4 6 . 3 . 3 4 . . . . . 1 . . . 5 . 4 . . . . Grunt 39 | . 5 . . . 22 . . . . . . . . 7 . 5 . . . . . . . . . . Brawler 3 | . . . . . 2 . . . . . . . . 1 . . . . . . . . . . . . Duelist 2 | . . . . . . . . . . . . . . . . 2 . . . . . . . . . . Sentry 11 | . . . . . 8 . . . . . . . . . . 2 . . . . 1 . . . . . Hunter 2 | . . . . . . . . . . . 1 . . 1 . . . . . . . . . . . . Programmer 1 | . . . . . . . . . . . . . . 1 . . . . . . . . . . . . Heavy 1 | . . . . . 1 . . . . . . . . . . . . . . . . . . . . . Mutant 1 | . . . . . . . . . . . 1 . . . . . . . . . . . . . . . Best Kill Streak 8 | 1 3 3 . 4 8 . 3 . 3 4 1 . . 5 2 8 . . . 5 1 4 . . . . Combat Bots Only 7 | . 3 3 . 4 7 . 3 . 3 4 1 . . 5 . 7 . . . 5 1 4 . . . . Max Kills in Single Turn 4 | 1 1 2 . 2 4 . 3 . 2 3 1 . . 2 1 2 . . . 4 1 2 . . . . Gunslinging 1 | . . 1 . 1 . . . . . . . . . . . . . . . . . . . . . . Exploded 3 | . . . . . 3 . 3 . 2 3 . . . 2 . 2 . . . 3 . 2 . . . . Melee 1 | . . . . . 1 . . . . . 1 . . . . . . . . . 1 . . . . . Uniques/NPCs Destroyed . | . . . . . . . . . . . . . . . . . . . . . . . . . . . Combat | -11 -10 -10 -10 -9 -8 -7 -7 -7 -6 -6 -6 -6 -6 -5 -5 -5 -5 -5 -4 -4 -4 -4 -4 -3 -3 -3 -------- Run | Scr Mat Min Exi Min Mat Fac Low Dat Pro Fac Low Low Zio Pro Fac Upp Upp War Pro Fac Upp Upp Zhi Pro Res Qua Damage Taken 9404 | . 278 56 . 16 3929 . 87 . 361 225 285 100 . 223 165 309 105 20 286 136 120 281 . . 94 2328 Core 2371 | . 21 12 . 10 429 . 40 . 86 63 56 . . 46 21 99 45 20 26 28 41 113 . . . 1215 Absorbed by Shields 267 | . . . . . 48 . . . . . . . . . . . . . . . . . . . . 219 Redirected to Shielding 168 | . . . . . . . . . . . . . . . . . . . . . . . . . . 168 Regen/Repaired (Parts) 43 | . . . . . . . . . . . . . . . . . . . . 43 . . . . . . Core Remaining (%) 75 | 100 . . . 82 22 . . . 82 . . . . 80 . . . . 78 . . . . 84 . . Volleys Fired 251 | 4 31 6 . 3 162 . 2 . 2 3 . . . 11 . 19 . . . 5 . 3 . . . . Largest 2 | 2 2 2 . 2 2 . 1 . 1 1 . . . 1 . 1 . . . 1 . 1 . . . . Hottest 120 | 90 90 90 . 80 120 . 36 . 36 36 . . . . . 36 . . . . . . . . . . Shots Fired 391 | 8 62 11 . 6 259 . 2 . 2 3 . . . 11 . 19 . . . 5 . 3 . . . . Gun 288 | 8 62 11 . 6 201 . . . . . . . . . . . . . . . . . . . . . Cannon 49 | . . . . . 49 . . . . . . . . . . . . . . . . . . . . . Launcher 24 | . . . . . 9 . 2 . 2 3 . . . . . 8 . . . . . . . . . . Special 30 | . . . . . . . . . . . . . . 11 . 11 . . . 5 . 3 . . . . Kinetic 116 | . . . . . 116 . . . . . . . . . . . . . . . . . . . . . Thermal 139 | 8 62 10 . 3 56 . . . . . . . . . . . . . . . . . . . . . Explosive 54 | . . . . . 9 . 2 . 2 3 . . . 11 . 19 . . . 5 . 3 . . . . Electromagnetic 82 | . . 1 . 3 78 . . . . . . . . . . . . . . . . . . . . . Robot Hit Streak 21 | 5 18 7 . 4 21 . . . . 3 . . . 4 . 7 . . . 7 . 8 . . . . Robot Miss Streak 5 | . 3 2 . 1 5 . . . . . . . . 1 . 1 . . . . . . . . . . Penetration Max . | . . . . . . . . . . . . . . . . . . . . . . . . . . . Secondary Targets 5 | . . 1 . 1 3 . . . . . . . . . . . . . . . . . . . . . Max Gunslinging Chain 1 | . . 1 . 1 1 . . . . . . . . . . . . . . . . . . . . . Shots Hit Robots 308 | 5 44 6 . 4 189 1 . 1 2 1 9 . . 9 13 14 . 4 . 1 3 2 . . . . Core Hits 215 | 3 17 5 . 4 107 . 4 . 3 6 4 . . 22 5 24 . . . 5 1 5 . . . . Critical Kills . | . . . . . . . . . . . . . . . . . . . . . . . . . . . Critical Parts Destroyed 1 | . . . . . 1 . . . . . . . . . . . . . . . . . . . . . Critical Strikes 12 | 1 3 . . . 1 . . . . . . . . 3 2 2 . . . . . . . . . . Burn 4 | 1 3 . . . . . . . . . . . . . . . . . . . . . . . . . Destroy 1 | . . . . . 1 . . . . . . . . . . . . . . . . . . . . . Sever 7 | . . . . . . . . . . . . . . 3 2 2 . . . . . . . . . . Melee Attacks 79 | . . . . . . 1 . 1 2 . 14 1 . 6 22 2 . 4 6 5 3 1 . . 7 4 Impact . | . . . . . . . . . . . . . . . . . . . . . . . . . . . Slashing 45 | . . . . . . . . . . . 14 1 . 6 22 2 . . . . . . . . . . Piercing . | . . . . . . . . . . . . . . . . . . . . . . . . . . . Entropic 26 | . . . . . . . . . . . . . . . . . . . 6 5 3 1 . . 7 4 Sneak Attacks 15 | . . . . . . 1 . 1 1 . . . . 1 4 2 . 4 . . . 1 . . . . Combat Hostiles . | . . . . . . . . . . . . . . . . . . . . . . . . . . . Follow-up Attacks 3 | . . . . . . . . . . . 3 . . . . . . . . . . . . . . . Damage Inflicted 12601 | 72 561 72 . 59 4841 . 223 . 234 445 320 . . 1848 649 1753 . . . 499 297 707 . . . 21 Guns 3382 | 72 554 70 . 56 2630 . . . . . . . . . . . . . . . . . . . . . Cannons 760 | . . . . . 760 . . . . . . . . . . . . . . . . . . . . . Explosions 5823 | . . . . . 1449 . 223 . 234 301 . . . 1419 . 1318 . . . 422 . 457 . . . . Melee 1836 | . . . . . . . . . . . 320 . . 202 649 157 . . . . 297 211 . . . . Ramming 179 | . 7 2 . 3 2 . . . . 144 . . . . . . . . . . . . . . . 21 Kinetic 1745 | . . . . . 1745 . . . . . . . . . . . . . . . . . . . . . Thermal 1840 | 72 554 60 . 22 1132 . . . . . . . . . . . . . . . . . . . . . Explosive 5316 | . . . . . 942 . 223 . 234 301 . . . 1419 . 1318 . . . 422 . 457 . . . . Electromagnetic 1064 | . . 10 . 34 1020 . . . . . . . . . . . . . . . . . . . . . Impact . | . . . . . . . . . . . . . . . . . . . . . . . . . . . Slashing 1949 | . . . . . . . . . . . 320 . . 429 649 435 . . . 77 . 39 . . . . Piercing . | . . . . . . . . . . . . . . . . . . . . . . . . . . . Entropic 508 | . . . . . . . . . . . . . . . . . . . . . 297 211 . . . . Highest Corruption 21 | . . . . . 14 . . . . 11 11 11 11 . 5 5 6 6 1 . . . . . . 21 Average Corruption 10 | . . . . . 12 . . . . 10 11 11 11 . 5 5 5 6 1 . . . . . . 15 Corruption Purged . | . . . . . . . . . . . . . . . . . . . . . . . . . . . Corruption Blocked . | . . . . . . . . . . . . . . . . . . . . . . . . . . . Effects 110 | . . . . . 69 . . . . 1 7 4 5 . 5 10 3 1 . . . . . . . 5 Message Errors 21 | . . . . . 11 . . . . 1 1 1 1 . 2 3 . 1 . . . . . . . . Matter Fused 24 | . . . . . 16 . . . . . 4 . . . . 3 1 . . . . . . . . . Heat Flow Errors 16 | . . . . . 10 . . . . . . 1 1 . 1 . 1 . . . . . . . . 2 Energy Discharges 13 | . . . . . 8 . . . . . 2 1 . . 1 1 . . . . . . . . . . Parts Rejected 4 | . . . . . 3 . . . . . . . . . . . . . . . . . . . . 1 Data Loss (minor) 13 | . . . . . 6 . . . . . . 1 3 . . 1 1 . . . . . . . . 1 Data Loss (major) 7 | . . . . . 6 . . . . . . . . . 1 . . . . . . . . . . . Misfires 3 | . . . . . 3 . . . . . . . . . . . . . . . . . . . . . Alerts 4 | . . . . . 2 . . . . . . . . . . 2 . . . . . . . . . . Misdirections 3 | . . . . . 2 . . . . . . . . . . . . . . . . . . . . 1 Weapon Failures 2 | . . . . . 2 . . . . . . . . . . . . . . . . . . . . . Overload Shots . | . . . . . . . . . . . . . . . . . . . . . . . . . . . Overflow Damage 430 | . . . . . 85 . . . . 7 . . . 34 5 63 . . . 8 41 187 . . . . Projectiles 16 | . . . . . 9 . . . . . . . . . . 7 . . . . . . . . . . Explosions 150 | . . . . . 76 . . . . 7 . . . 29 . 14 . . . 8 . 16 . . . . Melee 264 | . . . . . . . . . . . . . . 5 5 42 . . . . 41 171 . . . . Knockbacks 6 | . . . . . 6 . . . . . . . . . . . . . . . . . . . . . Impact . | . . . . . . . . . . . . . . . . . . . . . . . . . . . Kinetic 6 | . . . . . 6 . . . . . . . . . . . . . . . . . . . . . Secondary . | . . . . . . . . . . . . . . . . . . . . . . . . . . . Self-Inflicted Damage 221 | . . . . . 127 . . . . 85 . . . . . . . . . . . . . . . 9 Shots 4 | . . . . . 3 . . . . 1 . . . . . . . . . . . . . . . . Rammed 17 | . 2 2 . 1 . . . . . 7 . . . . . . . . . . . . . . . 5 Targets Rammed 18 | . 2 2 . 1 1 . . . . 7 . . . . . . . . . . . . . . . 5 Kicked . | . . . . . . . . . . . . . . . . . . . . . . . . . . . Crushed 1 | . . . . . 1 . . . . . . . . . . . . . . . . . . . . . Highest Temperature 442 | 90 138 . . . 261 . . . 6 5 . 125 251 . 185 273 194 4 . 12 23 . . . 3 442 Average Temperature 53 | 41 34 . . . 51 . . . 6 5 . 68 131 . 93 154 98 3 . 4 9 . . . 3 182 Received Heat Transfer 2598 | . 141 . . . 1873 . . . 39 . . 27 . 45 . 57 9 9 . 21 30 . . . 9 338 Effects 3 | . . . . . 1 . . . . . . . . . . 1 . . . . . . . . . 1 Shutdowns 1 | . . . . . . . . . . . . . . . . . . . . . . . . . . 1 Energy Bleed 1 | . . . . . . . . . . . . . . . . 1 . . . . . . . . . . Interference 1 | . . . . . 1 . . . . . . . . . . . . . . . . . . . . . Siege Activations . | . . . . . . . . . . . . . . . . . . . . . . . . . . . Robots Corrupted . | . . . . . . . . . . . . . . . . . . . . . . . . . . . Combat Hostiles . | . . . . . . . . . . . . . . . . . . . . . . . . . . . Parts Fried 3 | . . . . . 2 . . . . . . . . . . 1 . . . . . . . . . . Impact Corruptions . | . . . . . . . . . . . . . . . . . . . . . . . . . . . Robots Melted 1 | . 1 . . . . . . . . . . . . . . . . . . . . . . . . . Combat Hostiles 1 | . 1 . . . . . . . . . . . . . . . . . . . . . . . . . Parts Melted 8 | 1 5 . . . 2 . . . . . . . . . . . . . . . . . . . . . Heat Transferred 4051 | 260 1649 161 . 50 1931 . . . . . . . . . . . . . . . . . . . . . Parts Sabotaged . | . . . . . . . . . . . . . . . . . . . . . . . . . . . Parts Stolen . | . . . . . . . . . . . . . . . . . . . . . . . . . . . Parts Stripped . | . . . . . . . . . . . . . . . . . . . . . . . . . . . Power Chain Reactions 8 | . . . . . 8 . . . . . . . . . . . . . . . . . . . . . Missiles Intercepted . | . . . . . . . . . . . . . . . . . . . . . . . . . . . Alert | -11 -10 -10 -10 -9 -8 -7 -7 -7 -6 -6 -6 -6 -6 -5 -5 -5 -5 -5 -4 -4 -4 -4 -4 -3 -3 -3 ------- Run | Scr Mat Min Exi Min Mat Fac Low Dat Pro Fac Low Low Zio Pro Fac Upp Upp War Pro Fac Upp Upp Zhi Pro Res Qua Peak Influence 1805 | 10 288 159 . 90 585 299 . . . 245 . . . . 277 . . . . 395 . . . . 120 1805 Initial 266 | . 6 34 . . . 266 . . . 128 . . . . 147 . . . . 21 . . . . . 67 Average 231 | 5 158 70 . 58 242 246 . . . 187 . . . . 208 . . . . 205 . . . . 45 1666 Maximum Alert Level 5 | . 1 . . . 2 1 . . . 1 . . . . 1 . . . . 1 . . . . . 5 Low Security (%) 60 | 100 70 100 . 100 53 22 . . . 42 . . . . 45 . . . . 27 . . . . 100 . Level 1 30 | . 29 . . . 31 77 . . . 57 . . . . 54 . . . . 72 . . . . . . Level 2 5 | . . . . . 15 . . . . . . . . . . . . . . . . . . . . . Level 3 . | . . . . . . . . . . . . . . . . . . . . . . . . . . . Level 4 . | . . . . . . . . . . . . . . . . . . . . . . . . . . . Level 5 . | . . . . . . . . . . . . . . . . . . . . . . . . . . . High Security . | . . . . . . . . . . . . . . . . . . . . . . . . . . . Max Security 3 | . . . . . . . . . . . . . . . . . . . . . . . . . . 99 Squads Dispatched 28 | . 1 . . . 6 2 . . . 1 . . . . 2 . . . . 3 . . . . . 13 Investigation 9 | . . . . . 3 . . . . 1 . . . . 2 . . . . 3 . . . . . . Extermination 1 | . . . . . . 1 . . . . . . . . . . . . . . . . . . . . Reinforcement 5 | . 1 . . . 3 1 . . . . . . . . . . . . . . . . . . . . Assault 12 | . . . . . . . . . . . . . . . . . . . . . . . . . . 12 Garrison 1 | . . . . . . . . . . . . . . . . . . . . . . . . . . 1 Intercept . | . . . . . . . . . . . . . . . . . . . . . . . . . . . Searches Triggered . | . . . . . . . . . . . . . . . . . . . . . . . . . . . Data Miner Redirects 1 | . . . . . . . . . . . . . . . . . . . . 1 . . . . . . Construction Impeded 1 | . . . . . 1 . . . . . . . . . . . . . . . . . . . . . Haulers Reinforced . | . . . . . . . . . . . . . . . . . . . . . . . . . . . Active Scanning Responses . | . . . . . . . . . . . . . . . . . . . . . . . . . . . Cargo Convoy Interrupts . | . . . . . . . . . . . . . . . . . . . . . . . . . . . Stealth | -11 -10 -10 -10 -9 -8 -7 -7 -7 -6 -6 -6 -6 -6 -5 -5 -5 -5 -5 -4 -4 -4 -4 -4 -3 -3 -3 --------- Run | Scr Mat Min Exi Min Mat Fac Low Dat Pro Fac Low Low Zio Pro Fac Upp Upp War Pro Fac Upp Upp Zhi Pro Res Qua Distress Signals 15 | . 1 . . . 7 . . . 4 . . . . . . . . . . . . . . . 2 1 Communications Jammed . | . . . . . . . . . . . . . . . . . . . . . . . . . . . Distress Signals . | . . . . . . . . . . . . . . . . . . . . . . . . . . . Times Spotted 308 | . 16 7 . 2 57 2 3 . 17 6 2 7 . 10 12 19 3 1 16 22 6 8 . 1 5 86 Peak Tracking Total 52 | . 6 3 . 2 8 1 3 . 9 4 1 4 . 4 6 9 3 1 15 9 5 8 . 1 4 52 Tactical Retreats 30 | . 2 1 . . 1 . . . 1 . . 2 . . 6 6 1 . 1 3 . 2 . . 1 3 Traps | -11 -10 -10 -10 -9 -8 -7 -7 -7 -6 -6 -6 -6 -6 -5 -5 -5 -5 -5 -4 -4 -4 -4 -4 -3 -3 -3 ------- Run | Scr Mat Min Exi Min Mat Fac Low Dat Pro Fac Low Low Zio Pro Fac Upp Upp War Pro Fac Upp Upp Zhi Pro Res Qua Traps Triggered 5 | . . . . . . . . . . 1 . . . . 2 1 . . . 1 . . . . . . Indirectly . | . . . . . . . . . . . . . . . . . . . . . . . . . . . Trap Hack Attempts . | . . . . . . . . . . . . . . . . . . . . . . . . . . . Triggered . | . . . . . . . . . . . . . . . . . . . . . . . . . . . Disarmed . | . . . . . . . . . . . . . . . . . . . . . . . . . . . Reprogrammed 4 | . . . . . . . . . . . . . . . 4 . . . . . . . . . . . Reused 8 | . . . . . 1 . . . . . . . . 1 3 3 . . . . . . . . . . Traps Reconfigurated 1 | . . . . . 1 . . . . . . . . . . . . . . . . . . . . . Traps Extracted . | . . . . . . . . . . . . . . . . . . . . . . . . . . . Installed 14 | . . . . . . . . . . . . . . 1 1 10 . . . . . 2 . . . . Triggered 27 | . . . . . 1 . . . . . 2 . . 1 3 3 . 16 . . 1 . . . . . Most Traps Carried 2 | . . . . . . . . . . . . . . 2 1 2 2 2 . . . 2 2 . . . Machines | -11 -10 -10 -10 -9 -8 -7 -7 -7 -6 -6 -6 -6 -6 -5 -5 -5 -5 -5 -4 -4 -4 -4 -4 -3 -3 -3 ---------- Run | Scr Mat Min Exi Min Mat Fac Low Dat Pro Fac Low Low Zio Pro Fac Upp Upp War Pro Fac Upp Upp Zhi Pro Res Qua Machines Disabled 10 | . . . . . 3 . . . . . 1 . . . . 1 . . . 1 . . . . . 4 Max in Single Turn 1 | . . . . . 1 . . . . . 1 . . . . 1 . . . 1 . . . . . 1 Machines Sabotaged . | . . . . . . . . . . . . . . . . . . . . . . . . . . . Garrisons Compromised . | . . . . . . . . . . . . . . . . . . . . . . . . . . . Overloaded Fab Kills . | . . . . . . . . . . . . . . . . . . . . . . . . . . . Hacking | -11 -10 -10 -10 -9 -8 -7 -7 -7 -6 -6 -6 -6 -6 -5 -5 -5 -5 -5 -4 -4 -4 -4 -4 -3 -3 -3 --------- Run | Scr Mat Min Exi Min Mat Fac Low Dat Pro Fac Low Low Zio Pro Fac Upp Upp War Pro Fac Upp Upp Zhi Pro Res Qua Machines Accessed 52 | . 3 . 1 . 7 4 . 4 1 3 1 . . . 8 . 3 4 . 6 1 . 4 . 2 . Terminals 23 | . 3 . . . 5 3 . . 1 2 . . . . 5 . . . . 2 . . . . 2 . Fabricators 7 | . . . . . . 1 . . . 1 . . . . 2 . . . . 3 . . . . . . Repair Stations 1 | . . . . . . . . . . . . . . . . . . . . 1 . . . . . . Recycling Units . | . . . . . . . . . . . . . . . . . . . . . . . . . . . Scanalyzers 3 | . . . . . 2 . . . . . . . . . 1 . . . . . . . . . . . Garrison Access . | . . . . . . . . . . . . . . . . . . . . . . . . . . . Total Hacks 213 | . 7 . 23 . 35 8 . 25 1 5 1 . . . 33 . 9 7 . 24 1 . 17 . 17 . Successful 181 | . 3 . 23 . 21 5 . 25 1 4 1 . . . 33 . 9 7 . 23 1 . 17 . 8 . Failed 32 | . 4 . . . 14 3 . . . 1 . . . . . . . . . 1 . . . . 9 . Catastrophic 8 | . . . . . 4 . . . . 1 . . . . . . . . . . . . . . 3 . Database Lockouts . | . . . . . . . . . . . . . . . . . . . . . . . . . . . Manual 52 | . 6 . 1 . 11 2 . . . 1 . . . . 12 . . 2 . 7 . . . . 10 . Terminals 80 | . 7 . . . 14 6 . . 1 3 . . . . 21 . . . . 11 . . . . 17 . Fabricators 22 | . . . . . . 2 . . . 2 . . . . 8 . . . . 10 . . . . . . Repair Stations 3 | . . . . . . . . . . . . . . . . . . . . 3 . . . . . . Recycling Units . | . . . . . . . . . . . . . . . . . . . . . . . . . . . Scanalyzers 25 | . . . . . 21 . . . . . . . . . 4 . . . . . . . . . . . Garrison Access . | . . . . . . . . . . . . . . . . . . . . . . . . . . . Terminal Hacks 124 | . . . 23 . 2 2 . 25 1 2 1 . . . 17 . 9 7 . 9 1 . 17 . 8 . Record 52 | . . . 23 . . . . 11 1 . . . . . . . 7 5 . . . . 5 . . . Part Schematic 19 | . . . . . . . . 10 . . . . . . 5 . . . . . . . 4 . . . Robot Schematic 4 | . . . . . . . . 4 . . . . . . . . . . . . . . . . . . Robot Analysis 5 | . . . . . . . . . . . . . . . 1 . . . . . . . 4 . . . Prototype ID Bank 6 | . . . . . . . . . . . . . . . 1 . . . . . . . 4 . 1 . Open Door 6 | . . . . . . . . . . . 1 . . . . . 2 2 . . 1 . . . . . Open DSF 3 | . . . . . . 1 . . . 1 . . . . 1 . . . . . . . . . . . Level Access Points 3 | . . . . . . . . . . . . . . . 1 . . . . 1 . . . . 1 . Branch Access Points 4 | . . . . . . . . . . 1 . . . . 1 . . . . 1 . . . . 1 . Emergency Access Points 1 | . . . . . . . . . . . . . . . . . . . . 1 . . . . . . Machine Index 2 | . . . . . . . . . . . . . . . 1 . . . . 1 . . . . . . Terminal Index 1 | . . . . . . . . . . . . . . . . . . . . . . . . . 1 . Scanalyzer Index 1 | . . . . . 1 . . . . . . . . . . . . . . . . . . . . . Garrison Index 1 | . . . . . . . . . . . . . . . . . . . . . . . . . 1 . Alert Level 2 | . . . . . . . . . . . . . . . . . . . . 1 . . . . 1 . Locate Traps 1 | . . . . . . . . . . . . . . . 1 . . . . . . . . . . . Reprogram Traps 1 | . . . . . . . . . . . . . . . 1 . . . . . . . . . . . Dispatch Records 1 | . . . . . . . . . . . . . . . 1 . . . . . . . . . . . Transport Status 3 | . . . . . . . . . . . . . . . 2 . . . . 1 . . . . . . Assault Status 1 | . . . . . . . . . . . . . . . 1 . . . . . . . . . . . Hauler Manifests 4 | . . . . . 1 . . . . . . . . . . . . . . 2 . . . . 1 . Zone Layout 3 | . . . . . . 1 . . . . . . . . . . . . . 1 . . . . 1 . Fabricator Hacks 16 | . . . . . . 1 . . . 2 . . . . 5 . . . . 8 . . . . . . Load Schematic 7 | . . . . . . . . . . 1 . . . . 2 . . . . 4 . . . . . . Build 9 | . . . . . . 1 . . . 1 . . . . 3 . . . . 4 . . . . . . Repair Station Hacks 3 | . . . . . . . . . . . . . . . . . . . . 3 . . . . . . Scan Component 1 | . . . . . . . . . . . . . . . . . . . . 1 . . . . . . Repair 1 | . . . . . . . . . . . . . . . . . . . . 1 . . . . . . Refit 1 | . . . . . . . . . . . . . . . . . . . . 1 . . . . . . Recycling Unit Hacks . | . . . . . . . . . . . . . . . . . . . . . . . . . . . Scanalyzer 20 | . . . . . 16 . . . . . . . . . 4 . . . . . . . . . . . Insert Component 9 | . . . . . 7 . . . . . . . . . 2 . . . . . . . . . . . Analyze 11 | . . . . . 9 . . . . . . . . . 2 . . . . . . . . . . . Garrison Access Hacks . | . . . . . . . . . . . . . . . . . . . . . . . . . . . Unauthorized Hacks 18 | . 3 . . . 3 2 . . . . . . . . 7 . . . . 3 . . . . . . Terminals 11 | . 3 . . . 1 2 . . . . . . . . 4 . . . . 1 . . . . . . Track 1 | . . . . . . . . . . . . . . . 1 . . . . . . . . . . . Assimilate 3 | . 1 . . . . 1 . . . . . . . . 1 . . . . . . . . . . . Botnet 5 | . 1 . . . 1 1 . . . . . . . . 1 . . . . 1 . . . . . . Operators 2 | . 1 . . . . . . . . . . . . . 1 . . . . . . . . . . . Fabricators 5 | . . . . . . . . . . . . . . . 3 . . . . 2 . . . . . . Report 1 | . . . . . . . . . . . . . . . 1 . . . . . . . . . . . Prioritize 2 | . . . . . . . . . . . . . . . 1 . . . . 1 . . . . . . Haulers 2 | . . . . . . . . . . . . . . . 1 . . . . 1 . . . . . . Repair Stations . | . . . . . . . . . . . . . . . . . . . . . . . . . . . Recycling Units . | . . . . . . . . . . . . . . . . . . . . . . . . . . . Scanalyzers 2 | . . . . . 2 . . . . . . . . . . . . . . . . . . . . . Extract 2 | . . . . . 2 . . . . . . . . . . . . . . . . . . . . . Garrison Access . | . . . . . . . . . . . . . . . . . . . . . . . . . . . Data Cores Recovered . | . . . . . . . . . . . . . . . . . . . . . . . . . . . Used . | . . . . . . . . . . . . . . . . . . . . . . . . . . . Hacking Detections 27 | . 3 . . . 7 3 . . . 2 . . . . 5 . . . . 5 . . . . 2 . Full Trace Events 7 | . . . . . 1 . . . . 1 . . . . 2 . . . . 3 . . . . . . Feedback Events . | . . . . . . . . . . . . . . . . . . . . . . . . . . . Feedback Blocked . | . . . . . . . . . . . . . . . . . . . . . . . . . . . Robot Schematics Acquired 4 | . . . . . . . . 4 . . . . . . . . . . . . . . . . . . Robots Built . | . . . . . . . . . . . . . . . . . . . . . . . . . . . Authchips . | . . . . . . . . . . . . . . . . . . . . . . . . . . . Time . | . . . . . . . . . . . . . . . . . . . . . . . . . . . Total Robot Build Rating . | . . . . . . . . . . . . . . . . . . . . . . . . . . . Part Schematics Acquired 32 | . . . . . 11 . . 10 . . . . . . 7 . . . . . . . 4 . . . Parts Built 10 | . . . . . . 2 . . . 1 . . . . 4 . . . . 3 . . . . . . Authchips 1 | . . . . . . . . . . . . . . . . . . . . 1 . . . . . . Time 764 | . . . . . . 117 . . . 24 . . . . 269 . . . . 354 . . . . . . Total Part Build Rating 57 | . . . . . . 14 . . . 3 . . . . 24 . . . . 16 . . . . . . Parts Repaired 1 | . . . . . . . . . . . . . . . . . . . . 1 . . . . . . Time 16 | . . . . . . . . . . . . . . . . . . . . 16 . . . . . . Parts Recycled . | . . . . . . . . . . . . . . . . . . . . . . . . . . . Recycled Matter . | . . . . . . . . . . . . . . . . . . . . . . . . . . . Retrieved Matter . | . . . . . . . . . . . . . . . . . . . . . . . . . . . Retrieved Components . | . . . . . . . . . . . . . . . . . . . . . . . . . . . Parts Scanalyzed 8 | . . . . . 6 . . . . . . . . . 2 . . . . . . . . . . . Part Schematics Acquired 8 | . . . . . 6 . . . . . . . . . 2 . . . . . . . . . . . Parts Damaged . | . . . . . . . . . . . . . . . . . . . . . . . . . . . Bothacking | -11 -10 -10 -10 -9 -8 -7 -7 -7 -6 -6 -6 -6 -6 -5 -5 -5 -5 -5 -4 -4 -4 -4 -4 -3 -3 -3 ------------ Run | Scr Mat Min Exi Min Mat Fac Low Dat Pro Fac Low Low Zio Pro Fac Upp Upp War Pro Fac Upp Upp Zhi Pro Res Qua Used RIF Installer . | . . . . . . . . . . . . . . . . . . . . . . . . . . . Robots Hacked 8 | . . . . . . 1 . 1 2 . . . . . . . . 4 . . . . . . . . Non-combat 1 | . . . . . . 1 . . . . . . . . . . . . . . . . . . . . Combat 7 | . . . . . . . . 1 2 . . . . . . . . 4 . . . . . . . . Robot Hacks Applied 8 | . . . . . . 1 . 1 2 . . . . . . . . 4 . . . . . . . . parse_system 8 | . . . . . . 1 . 1 2 . . . . . . . . 4 . . . . . . . . Relay Couplers Released . | . . . . . . . . . . . . . . . . . . . . . . . . . . . Fabnet Peak Effective % . | . . . . . . . . . . . . . . . . . . . . . . . . . . . Robots Rewired 3 | . . . . . . . . . . . . . . . . 2 . . . . . . . . . 1 Allies Hacked . | . . . . . . . . . . . . . . . . . . . . . . . . . . . Hacks Repelled . | . . . . . . . . . . . . . . . . . . . . . . . . . . . Allies | -11 -10 -10 -10 -9 -8 -7 -7 -7 -6 -6 -6 -6 -6 -5 -5 -5 -5 -5 -4 -4 -4 -4 -4 -3 -3 -3 -------- Run | Scr Mat Min Exi Min Mat Fac Low Dat Pro Fac Low Low Zio Pro Fac Upp Upp War Pro Fac Upp Upp Zhi Pro Res Qua Total Allies 10 | . 1 . . 1 . 1 . . 1 . . . . . 1 2 . . . 2 . . . . . 1 Largest Group 2 | . 1 1 1 2 1 1 1 1 2 . . . . . 1 2 2 . . 2 . . . . . . Highest-Rated Group 106 | . 10 9 9 40 9 10 10 10 106 . . . . . 10 58 55 . . 92 . . . . . . Highest-Rated Ally 96 | . 10 9 9 31 9 10 10 10 96 . . . . . 10 29 29 . . 46 . . . . . . Total Orders 8 | . . . . . . 2 . . . . . . . . . . . 6 . . . . . . . . STAY 1 | . . . . . . 1 . . . . . . . . . . . . . . . . . . . . FOLLOW 1 | . . . . . . 1 . . . . . . . . . . . . . . . . . . . . EXPLORE 6 | . . . . . . . . . . . . . . . . . . 6 . . . . . . . . Ally Attacks 37 | . . . . . . . . . 8 . . . . . . 6 15 . . 7 . . . . . 1 Total Damage 854 | . . . . . . . . . 321 . . . . . . 126 184 . . 185 . . . . . 38 Kills 6 | . . . . . . . . . 4 . . . . . . 1 1 . . . . . . . . . Allies Corrupted . | . . . . . . . . . . . . . . . . . . . . . . . . . . . Allies Melted . | . . . . . . . . . . . . . . . . . . . . . . . . . . . Intel | -11 -10 -10 -10 -9 -8 -7 -7 -7 -6 -6 -6 -6 -6 -5 -5 -5 -5 -5 -4 -4 -4 -4 -4 -3 -3 -3 ------- Run | Scr Mat Min Exi Min Mat Fac Low Dat Pro Fac Low Low Zio Pro Fac Upp Upp War Pro Fac Upp Upp Zhi Pro Res Qua Robot Analysis Total 5 | . . . . . . . . . . . . . . . 1 . . . . . . . 4 . . . Derelict Logs Recovered 18 | . . 2 . 1 . . . . 1 . 1 1 2 2 . 2 2 . 2 . . 2 . . . . Drone Launches 10 | . . . . . . . . . . . . . . . . . . 10 . . . . . . . . Drone Recoveries 5 | . . . . . . . . . . . . . . . . . . 5 . . . . . . . . Exploration | -11 -10 -10 -10 -9 -8 -7 -7 -7 -6 -6 -6 -6 -6 -5 -5 -5 -5 -5 -4 -4 -4 -4 -4 -3 -3 -3 ------------- Run | Scr Mat Min Exi Min Mat Fac Low Dat Pro Fac Low Low Zio Pro Fac Upp Upp War Pro Fac Upp Upp Zhi Pro Res Qua Turns Passed 9751 | 140 482 817 398 613 2393 518 30 50 189 147 189 148 587 290 573 495 172 392 76 368 79 88 60 79 150 228 Spaces Moved 11505 | 79 239 485 242 375 965 651 47 93 491 309 353 318 887 443 724 888 476 723 239 611 292 239 144 267 430 495 Core 47 | 12 . . . . . . . . . . . . . . 34 . . . . . . . . . . 1 Treads 2396 | 67 239 485 242 375 965 23 . . . . . . . . . . . . . . . . . . . . Legs . | . . . . . . . . . . . . . . . . . . . . . . . . . . . Wheels . | . . . . . . . . . . . . . . . . . . . . . . . . . . . Hover 3604 | . . . . . . 551 44 93 491 309 353 318 887 443 115 . . . . . . . . . . . Flight 5458 | . . . . . . 77 3 . . . . . . . 575 888 476 723 239 611 292 239 144 267 430 494 Fastest Speed 21 | 50 160 160 160 160 155 22 46 46 34 34 46 46 42 42 21 27 34 24 25 24 24 29 29 29 29 29 Average Speed 64 | 143 160 160 160 160 181 50 47 46 34 35 46 46 63 56 29 30 34 27 25 25 24 29 29 29 29 31 Slowest Speed 320 | 160 160 160 160 160 320 170 62 46 46 46 46 46 106 106 106 120 34 99 27 29 29 29 29 29 29 104 Overloaded Moves 1 | . . . . . . . . . . . . . . . 1 . . . . . . . . . . . Propulsion Burnouts . | . . . . . . . . . . . . . . . . . . . . . . . . . . . Robots Hopped 22 | . . . . . . . . . . . . . . . . . . 2 . 1 . . . . 2 17 Cave-ins Triggered 2 | . . . . . . . . . . . . . . . . . . . . . . . . . . 2 Teleports 1 | . . . . . . . . . . . . . . . . . . . . . . . . . . 1 Exploration Rate (%) 50 | 6 40 82 60 84 82 6 9 74 64 8 51 53 86 61 22 76 61 95 48 20 46 53 60 56 15 46 Regions Visited 26 Branch Regions 19 Pre-discovered Areas 10 | . . 1 1 . . . . 1 . . . . 1 1 . 1 1 . . . . . 3 . . . Known Exits Taken 8 | . . . . . 1 . . . 1 1 . . . . 1 . . . 1 1 . . . 1 1 . Unknown Exits Taken 18 | 1 1 1 1 1 . 1 1 1 . . 1 1 1 1 . 1 1 1 . . 1 1 1 . . . Scrap Searched 24 | . . 1 . 1 . . . . 2 . . 2 4 3 . 1 4 . 2 . 1 1 . 2 . . Spaces Dug 38 | . . . . . . . . . . . . 1 . 10 9 . . . 6 5 . . . . 7 . Terrain Destroyed 450 | . . . . . 100 . 22 . 17 11 . 1 . 116 9 87 . . 6 24 . 50 . . 7 . Melee 28 | . . . . . . . . . . . . 1 . . 9 . . . 6 5 . . . . 7 . Projectile 10 | . . . . . 1 . . . . . . . . 5 . 2 . . . . . 2 . . . . AOE 412 | . . . . . 99 . 22 . 17 11 . . . 111 . 85 . . . 19 . 48 . . . . Terrain Rammed . | . . . . . . . . . . . . . . . . . . . . . . . . . . . Walls Destroyed . | . . . . . . . . . . . . . . . . . . . . . . . . . . . Machines Disabled . | . . . . . . . . . . . . . . . . . . . . . . . . . . . Actions | -11 -10 -10 -10 -9 -8 -7 -7 -7 -6 -6 -6 -6 -6 -5 -5 -5 -5 -5 -4 -4 -4 -4 -4 -3 -3 -3 --------- Run | Scr Mat Min Exi Min Mat Fac Low Dat Pro Fac Low Low Zio Pro Fac Upp Upp War Pro Fac Upp Upp Zhi Pro Res Qua Total 13361 | 98 276 514 254 383 1352 841 52 99 504 344 367 318 912 467 1064 1097 483 912 248 806 295 252 163 267 445 548 Wait 1083 | . . 15 . . 89 157 . 6 3 17 . . 4 . 278 151 4 161 . 169 . . . . 2 27 Move 11446 | 78 238 484 241 374 964 650 46 92 490 308 352 317 886 442 723 887 475 718 238 608 291 238 143 266 425 472 Hop 9 | . . . . . . . . . . . . . . . . . . 2 . 1 . . . . 2 4 Pick Up 145 | 8 4 1 4 3 56 8 1 . 2 4 . . 4 3 11 8 . 8 1 4 . 4 5 . . 6 Fast Attach 54 | . . . . . 6 . . . 1 . 3 . 6 1 7 . 4 4 1 5 . . 5 1 5 5 Attach 117 | 7 1 3 4 . 40 15 2 . 1 4 . . 4 1 8 5 . 5 1 4 1 3 2 . . 6 Detach 11 | . . 2 1 . 3 . 1 . . . . . . . 1 3 . . . . . . . . . . Swap 15 | . . 1 1 . 8 . . . 2 . . . . . . . . . . 2 . 1 . . . . Drop 105 | 1 . . 3 2 23 10 . . 1 1 1 . 8 2 13 6 . 10 1 3 . . 8 . 4 8 Fire 251 | 4 31 6 . 3 162 . 2 . 2 3 . . . 11 . 19 . . . 5 . 3 . . . . Melee 76 | . . . . . . 1 . 1 2 . 11 1 . 6 22 2 . 4 6 5 3 1 . . 7 4 Ram 12 | . . . . . . . . . . 7 . . . . . . . . . . . . . . . 5 Kick . | . . . . . . . . . . . . . . . . . . . . . . . . . . . Crush 6 | . 2 2 . 1 1 . . . . . . . . . . . . . . . . . . . . . Escape Stasis 10 | . . . . . . . . . . . . . . . . . . . . . . . . . . 10 Rewire 7 | . . . . . . . . . . . . . . . . 6 . . . . . . . . . 1 Trap 14 | . . . . . . . . . . . . . . 1 1 10 . . . . . 2 . . . . Miscellaneous . | . . . . . . . . . . . . . . . . . . . . . . . . . . . Route ------- -11/Scrapyard -10/Materials (discovered 2 exits: [*Mat] / [*Min]) -10/Mines (discovered 3 exits: [*Mat x2] / *Exi) -10/Exiles -9/Mines -8/Materials (discovered 3 exits: *Fac x3) -7/Factory -7/Lower Caves -7/Data Miner -6/Proximity Caves -6/Factory (discovered 2 exits: *Low x2) -6/Lower Caves -6/Lower Caves (discovered 2 exits: *Fac / [*Zio]) -6/Zion (discovered 2 exits: Dee / [*Pro]) -5/Proximity Caves -5/Factory (discovered 6 exits: *Fac x4 / *Upp x2) -5/Upper Caves -5/Upper Caves (discovered 2 exits: *Fac / *War) -5/Warlord -4/Proximity Caves -4/Factory (discovered 9 exits: Res x4 / *Upp x2 / Ext x2 / Arm) -4/Upper Caves -4/Upper Caves (discovered 2 exits: *Res / *Zhi) -4/Zhirov -3/Proximity Caves -3/Research (discovered 5 exits: Res x3 / *Qua x2) -3/Quarantine (discovered 1 exit: *Res) History --------- Turn | Location | Event 7 | -11/Scrapyard | Discovered new exit (range 14) 141 | -11/Scrapyard | Entered Materials 310 | -10/Materials | Build established: Mutant 465 | -10/Materials | Discovered new exit (range 5) 599 | -10/Materials | Discovered new exit (range 12) 623 | -10/Materials | Entered Mines 623 | -10/Mines | Accompanied by 1 ally 623 | -10/Mines | Discovered new exit (range 14) 765 | -10/Mines | Found a damaged Exp. Sensor Array with a note attached 768 | -10/Mines | Found Prototype Device 769 | -10/Mines | Identified Exp. Sensor Array 813 | -10/Mines | Discovered new exit (range 9) 1335 | -10/Mines | Learned location of Zion (-6) 1365 | -10/Mines | Learned Materials security intel 1402 | -10/Mines | Deemed a non-threat by the Exiles lab entrance 1402 | -10/Mines | Discovered new exit (range 5) 1440 | -10/Mines | Entered Exiles 1440 | -10/Exiles | Accompanied by 1 ally 1479 | -10/Exiles | Met 8R-AWN 1508 | -10/Exiles | Met EX-HEX 1551 | -10/Exiles | Met EX-BIN 1607 | -10/Exiles | Aligned with FarCom system 1608 | -10/Exiles | Given EX-Vault access code 1645 | -10/Exiles | Opened EX-Vault 1652 | -10/Exiles | Found Prototype Energy Cannon 1654 | -10/Exiles | Identified Firepult 1658 | -10/Exiles | Found Prototype Device 1659 | -10/Exiles | Identified Trap Reconfigurator 1714 | -10/Exiles | Warned to stay clear of 0b10 Research branches 1754 | -10/Exiles | Met EX-DEC 1823 | -10/Exiles | Discovered new exit (range 10) 1838 | -10/Exiles | Left Exiles lab with Trap Reconfigurator 1838 | -10/Exiles | Entered Mines 1838 | -9/Mines | Accompanied by 1 ally 2018 | -9/Mines | Received a Mining Laser from a helpful Derelict 2196 | -9/Mines | Learned location of 1 exit from Materials 2439 | -9/Mines | Discovered new exit (range 4) 2451 | -9/Mines | Entered Materials 2451 | -8/Materials | Accompanied by 1 ally 2451 | -8/Materials | Evolved 4 slots: Propulsion x2, Utility x2 2452 | -8/Materials | Identified exit to Factory 2887 | -8/Materials | Lost 5 parts (1p2n1u1w) 3163 | -8/Materials | Lost 5 parts (2n1u2w) 3209 | -8/Materials | System corruption reached 10% 3334 | -8/Materials | Discovered exit to Factory (range 16) 3937 | -8/Materials | Lost 4 parts (1n1u2w) 3948 | -8/Materials | Build established: Scavenger-Mutant 4092 | -8/Materials | Lost 6 parts (1p3n1u1w) 4126 | -8/Materials | Core integrity fell below 50% 4135 | -8/Materials | Found Prototype Device 4328 | -8/Materials | Discovered exit to Factory (range 7) 4500 | -8/Materials | Lost 3 parts (1n2w) 4501 | -8/Materials | Destroyed 7 combat bots 4844 | -8/Materials | Entered Factory 4844 | -7/Factory | Evolved 2 slots: Propulsion x1, Utility x1 4884 | -7/Factory | Identified exit to DSF 5105 | -7/Factory | Fabricated Adv. Surge Thruster? 5274 | -7/Factory | Build established: Hacker-Mutant 5359 | -7/Factory | Discovered new exit (range 2) 5362 | -7/Factory | Entered Lower Caves 5362 | -7/Lower Caves | Accompanied by 1 ally 5383 | -7/Lower Caves | A Derelict revealed a hidden shortcut to meet someone special 5392 | -7/Lower Caves | Entered Data Miner 5392 | -7/Data Miner | Accompanied by 1 ally 5392 | -7/Data Miner | Discovered new exit (range 6) 5401 | -7/Data Miner | Met Data Miner 5417 | -7/Data Miner | Learned location of Section 7 (-3) 5417 | -7/Data Miner | Acquired the access code to Warlord's prototype stash 5425 | -7/Data Miner | Received God Mode back door access code from Data Miner 5442 | -7/Data Miner | Entered Proximity Caves 5442 | -6/Proximity Caves | Accompanied by 1 ally 5450 | -6/Proximity Caves | Escorted by Enhanced Grunt 5550 | -6/Proximity Caves | Identified exit to Factory 5631 | -6/Proximity Caves | Entered Factory 5631 | -6/Factory | Evolved 2 slots: Utility x2 5709 | -6/Factory | Identified exit to Lower Caves 5727 | -6/Factory | Fabricated Hacking Suite? 5752 | -6/Factory | System corruption reached 10% 5778 | -6/Factory | Entered Lower Caves 5781 | -6/Lower Caves | Lost 4 parts (1p1n2w) 5800 | -6/Lower Caves | Attacked by a delusional Derelict stockpiling parts 5822 | -6/Lower Caves | Spotted B-75 Beast 5833 | -6/Lower Caves | Learned 4 Factory zone layouts 5961 | -6/Lower Caves | Discovered new exit (range 11) 5967 | -6/Lower Caves | Entered another Lower Caves area 5980 | -6/Lower Caves | Discovered new exit (range 11) 5981 | -6/Lower Caves | Encountered a Warlord checkpoint 5987 | -6/Lower Caves | Learned 4 Factory zone layouts 6112 | -6/Lower Caves | Discovered new exit (range 7) 6115 | -6/Lower Caves | Entered Zion 6125 | -6/Zion | Given A8's code to call for help 6141 | -6/Zion | Found Prototype Special Weapon 6141 | -6/Zion | Identified RU-N14's Throwing Claymores 6144 | -6/Zion | Found RU-N14's Throwing Claymores 6148 | -6/Zion | Found RU-N14's Throwing Claymores 6185 | -6/Zion | Discovered new exit (range 9) 6250 | -6/Zion | System corruption cleaned by Quarantine Array 6296 | -6/Zion | Identified exit to Deep Caves 6489 | -6/Zion | Learned Factory security intel 6516 | -6/Zion | Learned location of Extension (-4) 6544 | -6/Zion | Learned Factory emergency access door positions 6552 | -6/Zion | Received a hallucinogenic algorithm 6574 | -6/Zion | Rebuked by Imprinter 6702 | -6/Zion | Entered Proximity Caves 6796 | -5/Proximity Caves | Learned location of Armory (-4) 6930 | -5/Proximity Caves | Learned Factory stockpile data 6986 | -5/Proximity Caves | Discovered new exit (range 4) 6992 | -5/Proximity Caves | Entered Factory 6992 | -5/Factory | Evolved 2 slots: Power x1, Utility x1 6993 | -5/Factory | Identified exit to Factory 7082 | -5/Factory | Fabricated Cld. Cesium-ion Thruster (x1) 7271 | -5/Factory | Fabricated Graphene Brace (x2) 7349 | -5/Factory | Fabricated Cld. Cesium-ion Thruster (x1) 7373 | -5/Factory | Build established: Wizard-Sprinter 7441 | -5/Factory | Identified exit to Upper Caves 7565 | -5/Factory | Entered Upper Caves 7572 | -5/Upper Caves | Spotted B-75 Beast 7642 | -5/Upper Caves | Attracted the attention of an 0b10 checkpoint 7708 | -5/Upper Caves | Attracted the attention of an 0b10 outpost 7810 | -5/Upper Caves | Destroyed 7 combat bots 7957 | -5/Upper Caves | Learned location of 1 exit from Proximity Caves 7969 | -5/Upper Caves | Discovered new exit (range 10) 8060 | -5/Upper Caves | Entered another Upper Caves area 8060 | -5/Upper Caves | Accompanied by 2 allies 8060 | -5/Upper Caves | Discovered exit to Factory (range 13) 8065 | -5/Upper Caves | Learned Factory emergency access door positions 8067 | -5/Upper Caves | Build established: Wizard-Mutant 8133 | -5/Upper Caves | Learned Armory trap positions 8133 | -5/Upper Caves | Learned Research emergency access door positions 8133 | -5/Upper Caves | Learned Factory terminal intel 8133 | -5/Upper Caves | Learned Research terminal intel 8147 | -5/Upper Caves | Learned location of Warlord (-5) 8149 | -5/Upper Caves | Encountered a Warlord checkpoint 8225 | -5/Upper Caves | Discovered new exit (range 10) 8232 | -5/Upper Caves | Entered Warlord 8248 | -5/Warlord | System corruption cleaned by Quarantine Array 8287 | -5/Warlord | Met Warlord 8292 | -5/Warlord | Warlord's base attacked by MAIN.C 8298 | -5/Warlord | Opened Warlord's prototype stash 8307 | -5/Warlord | Found Prototype Device 8308 | -5/Warlord | Identified Exp. Focal Shield 8311 | -5/Warlord | Found Prototype Device 8312 | -5/Warlord | Identified Exp. Phase Shifter 8318 | -5/Warlord | Found Ghost Barrier 8324 | -5/Warlord | Found Prototype Processor 8388 | -5/Warlord | Found Prototype Device 8388 | -5/Warlord | Identified Minesniffer Drone Bay 8562 | -5/Warlord | Found Prototype Piercing Weapon 8562 | -5/Warlord | Identified Vortex Lance 8564 | -5/Warlord | Found Vortex Lance 8616 | -5/Warlord | Opened side exit 8621 | -5/Warlord | Discovered new exit (range 10) 8624 | -5/Warlord | Entered Proximity Caves 8630 | -4/Proximity Caves | Learned Research terminal intel 8632 | -4/Proximity Caves | Identified Exp. Armor Integrity Analyzer 8652 | -4/Proximity Caves | Learned Research garrison access intel 8680 | -4/Proximity Caves | Attracted the attention of an 0b10 checkpoint 8700 | -4/Proximity Caves | Entered Factory 8700 | -4/Factory | Evolved 2 slots: Utility x2 8702 | -4/Factory | Loaded intel: 28 terminal locations 8712 | -4/Factory | Identified exit to Upper Caves 8712 | -4/Factory | Identified exit to Extension 8712 | -4/Factory | Identified exit to Armory 8725 | -4/Factory | Lost 3 parts (1p2n) 8750 | -4/Factory | Repaired Lgt. Fission Core 8850 | -4/Factory | Build established: Wizard-Sprinter 8883 | -4/Factory | Fabricated Cld. Cesium-ion Thruster? 8887 | -4/Factory | Fabricated Cld. Cesium-ion Thruster (x1) 8916 | -4/Factory | Incoming investigation squad redirected 8953 | -4/Factory | Fabricated Adv. System Shield? 9003 | -4/Factory | Allied Derelicts emerged from ambush trap array 9022 | -4/Factory | Identified exit to Research 9068 | -4/Factory | Entered Upper Caves 9097 | -4/Upper Caves | Attracted the attention of an 0b10 checkpoint 9146 | -4/Upper Caves | Discovered new exit (range 5) 9147 | -4/Upper Caves | Entered another Upper Caves area 9149 | -4/Upper Caves | Discovered exit to Research (range 13) 9161 | -4/Upper Caves | Learned Research interactive machine intel 9186 | -4/Upper Caves | Lost 5 parts (1p1n2u1w) 9197 | -4/Upper Caves | Learned Research terminal intel 9233 | -4/Upper Caves | Discovered new exit (range 9) 9235 | -4/Upper Caves | Entered Zhirov 9235 | -4/Zhirov | Discovered new exit (range 3) 9241 | -4/Zhirov | Met Zhirov 9247 | -4/Zhirov | Learned location of Quarantine (-3) 9247 | -4/Zhirov | Learned location of Testing (-2) 9247 | -4/Zhirov | Learned location of Command (-1) 9249 | -4/Zhirov | Zhirov requested help retrieving the SGEMP Prototype 9254 | -4/Zhirov | Found Alien Artifact 9254 | -4/Zhirov | Identified Integrated Reactor 9254 | -4/Zhirov | Installed Integrated Reactor, increased core energy generation (+10) 9284 | -4/Zhirov | Found Alien Artifact 9295 | -4/Zhirov | Entered Proximity Caves 9298 | -3/Proximity Caves | Spotted B-86 Titan 9372 | -3/Proximity Caves | Attracted the attention of an 0b10 checkpoint 9374 | -3/Proximity Caves | Entered Research 9374 | -3/Research | Evolved 2 slots: Utility x1, Weapon x1 9376 | -3/Research | Loaded intel: 45 interactive machine locations 9377 | -3/Research | Loaded intel: 23 terminal locations 9378 | -3/Research | Loaded intel: 4 garrison access locations 9408 | -3/Research | Spotted B-86 Titan 9449 | -3/Research | Identified exit to Research 9503 | -3/Research | Identified exit to Quarantine 9524 | -3/Research | Entered Quarantine 9525 | -3/Quarantine | Maximum security lockdown engaged 9544 | -3/Quarantine | Found Alien Reactor 9544 | -3/Quarantine | Identified Matter Drive 9585 | -3/Quarantine | Discovered exit to Research (range 16) 9615 | -3/Quarantine | Found Alien Artifact 9615 | -3/Quarantine | Identified Subatomic Replicator 9616 | -3/Quarantine | Identified Transdimensional Reconstructor 9616 | -3/Quarantine | Warped through subspace 9636 | -3/Quarantine | Met incapacitated Sigix Warrior 9636 | -3/Quarantine | Lockdown squad dispatched 9660 | -3/Quarantine | Spotted Alpha 7 9675 | -3/Quarantine | Crushed by falling debris 9676 | -3/Quarantine | System corruption reached 10% 9688 | -3/Quarantine | Crushed by falling debris 9706 | -3/Quarantine | Lost 4 parts (2n2u) 9723 | -3/Quarantine | Found Alien Slashing Weapon 9730 | -3/Quarantine | Spotted Striker 9730 | -3/Quarantine | Spotted Investigator 9731 | -3/Quarantine | Scanned by Researcher 9746 | -3/Quarantine | Garrison activated, responded to threat 9748 | -3/Quarantine | Core integrity fell below 50% 9751 | -3/Quarantine | Core integrity fell below 20% 9752 | -3/Quarantine | Destroyed by Y-72 Warden with Quantum Rifle Last Messages --------------- 09746_ Acquired 78 matter. 09747_ Slammed into H-77 Assassin. 09747_ Exp. Utility Shielding destroyed. 09747_ Vortex Lance destroyed. 09748_ Slammed into M-36 Artificer. 09748_ Imp. Hacking Suite destroyed. 09749_ P-80 Master resets M-36 Artificer, system corruption cleaned. 09749_ Slammed into P-80 Master. 09749_ Destabilizing: System corrupted (+1). 09749_ P-80 Master resets G-73 Enforcer, system corruption cleaned. 09750_ Exp. Armor Integrity Analyzer destroyed. 09750_ System corrupted by crushing effect (+2). 09750_ Slammed into G-67 Veteran. 09750_ Destabilizing: System corrupted (+2). 09750_ Adv. Energy Well destroyed. 09751_ System corrupted: Component data lost. 09751_ Slammed into P-80 Master. 09751_ Adv. System Shield destroyed. 09751_ Penetrated by Slug. 09751_ Slug penetrates Wall. Map ----- +----------------------------------------------------+ | | | | | | | | | | | | | | | | | | | | | ?????????????????????????????????????????????????? | | ?????????????????????????????????????????????????? | | ?????????????????????????????????????????????????? | | ?????????????????????????????????????????????????? | | ?????????????????????????????????????????????????? | | ????###########??????????????????????????????????? | | ????# ]#??????????????? ""????????????????? | | ????# """ # ?? ???????? ""#???????????????? | | ????# """ "" #= """"????????] ""#???????????????? | | ???## """ """ # """"??????? G#???????????????? | | ???#" S" #? """"???#"?? ""????????????????? | | ???## """ #?? ???#"?" ??????????????????? | | ???## """ #?? ???#"""Y ???????????????????? | | ???#" = #??? ???# Y ????????????????????? | | #####"##"#""+"#####/######Y####??????????????????? | | % mmhpgp@gY #??????????????????? | | w%gmKghbYYYc #??????????????????? | | i pbglggYgY #??????????????????? | | pbegbgpggii #??????????????????? | | "######## ;#####/#;#########??????????????????? | | #??????# ##???#% b #????????????????????? | | #??????# #????# "" i #????????????????????? | | #??????# ##???#%""" #????????????????????? | | ##?????# "#???#g" " g #????????????????????? | | "####### ##???#p"" #????????????????????? | | # ## "##??#p ""i #????????????????????? | | # ! [ ## ""####p #????????????????????? | | # ## / h #????????????????????? | | " """ ## "####"""#"######????????????????????? | | # " " ## ##??# ###?????????????????????????? | | + """ ## #???# #???????????????????????????? | | " ## #?### #???????????????????????????? | | "##"##### ###"#"""#???????????????????????????? | | # "#???????????????????????????? | | ### "] ##???????????????????????????? | | " # ##???????????????????????????? | | + + """ "#???????????????????????????? | | " # """ ##???????????????????????????? | | # " """ #????????????????????????????? | | " ########????????????????????????????? | +----------------------------------------------------+ Best States ------------- Heat Dissipation 46 Energy Generation 43 Energy Capacity 845 Matter Stores 300 Matter Capacity 300 Sight Range 16 Terrain Scan Density 10 Additional Mass Support 16 Armor Coverage 300 Utility Shielding 90 Phase Shifting 20 Evasion (%) 84 Targeting Accuracy 8 Armor Integrity Analysis 50 Recoil Reduction 4 Offensive Hacking 82 Defensive Hacking 62 Authchip Count 1 Item Schematics ----------------- Hacking Suite | -8/Materials | Scanalyzed Wheel | -8/Materials | Extracted Force Booster | -8/Materials | Scanalyzed Reaction Control System | -8/Materials | Scanalyzed Exp. Sensor Array | -8/Materials | Scanalyzed Adv. EMP Blaster | -8/Materials | Scanalyzed Missile Launcher | -8/Materials | Scanalyzed Titanium Leg | -8/Materials | Extracted Adv. Treads | -8/Materials | Extracted Airjet | -8/Materials | Extracted Imp. Grenade Launcher | -8/Materials | Extracted Combat Drone Bay | -7/Data Miner | Free Lgt. Regenerative Plating | -7/Data Miner | Free Cld. Cesium-ion Thruster | -7/Data Miner | Free Thermal Defense Suite | -7/Data Miner | Free Imp. Heavy Laser | -7/Data Miner | Free Arm. Medium Treads | -7/Data Miner | Free Adv. Shield Generator | -7/Data Miner | Free Mass Driver | -7/Data Miner | Free Wave Gun | -7/Data Miner | Free Adv. Actuator Array | -7/Data Miner | Free Adv. Hacking Suite | -5/Factory | Hacked Adv. System Shield | -5/Factory | Hacked Adv. Heavy Treads | -5/Factory | Hacked Imp. Propulsion Shielding | -5/Factory | Hacked Com. HERF Cannon | -5/Factory | Hacked Hrd. Light Armor Plating | -5/Factory | Scanalyzed Adv. Surge Thruster | -5/Factory | Scanalyzed Assault Drone Bay | -4/Zhirov | Free Exp. Heat Sink | -4/Zhirov | Free Exp. Optical Array | -4/Zhirov | Free Imp. Arc Thrower | -4/Zhirov | Free Robot Schematics ------------------ L-41 Fighter | -7/Data Miner | Free R-10 Processor | -7/Data Miner | Free M-22 Extractor | -7/Data Miner | Free Y-54 Guardian | -7/Data Miner | Free Fabricated ------------ Adv. Surge Thruster | x2 | -7/Factory | Preloaded Hacking Suite | x1 | -6/Factory Cld. Cesium-ion Thruster | x1 | -5/Factory Graphene Brace | x2 | -5/Factory | Preloaded Cld. Cesium-ion Thruster | x1 | -5/Factory Cld. Cesium-ion Thruster | x1 | -4/Factory Cld. Cesium-ion Thruster | x1 | -4/Factory | Authchip Adv. System Shield | x1 | -4/Factory Alien Tech Used ----------------- Integrated Reactor Matter Drive Subatomic Replicator Transdimensional Reconstructor Achievements -------------- None Challenges ------------ None Game ------ Seed BlastExperimentalFlail Manual? 0 Play Time 01:56:43 Cumulative 656.7 hours Start 2022.11.01 @ 04:39:48 End 2022.11.01 @ 06:34:56 Sessions 1 Manual Loads 0 Difficulty Rogue Special Mode None Game No. 653 Rogue 612 Adventurer 41 Explorer 0 Win Type - Total 31 Types 23/0/6/1/0/0/0/1/0 Lore% 86 Gallery% 87 Achievement% 79 Wizard Run 0 Options --------- ASCII 0 Keyboard 0 Movement Mouse Keybinds 0 Fullscreen 1 Font 18/Terminus Map View 76x50 Tactical HUD 1 Map Filters NONE Filters NONE Steam 1 RUN: c0ca7caf-bb2a-4a6a-bb94-ad89c94f6327